 Dungeon Sprint DCSS version bcrawl-1.15.1 (webtiles) character file.

Game seed: 17771268891673318077

14764 MordorOrchid the Martial Artist (level 12, -1/103 HPs)
             Began as an Oni Necromancer on Sept 28, 2019.
             Was the Champion of Cheibriados.
             Hit by a large rock thrown by a stone giant (36 damage)
             ... in the Dungeon (Sprint IX: "|||||||||||||||||||||||||||||").
             The game lasted 00:24:11 (1718 turns).

MordorOrchid the Martial Artist (Oni Necromancer)   Turns: 1718, Time: 00:24:12

Health: -1/103     AC: 15    Str: 26    XL:     12   Next: 19%
Magic:  23/30      EV: 24    Int: 37    God:    Cheibriados [******]
Gold:   7          SH:  0    Dex: 30    Spells: 13/36 levels left

rFire    . . .     SeeInvis .     - Unarmed
rCold    . . .     Gourm    .   (no shield)
rNeg     . . .     Faith    .   K - +0 swamp dragon scales
rPois    +         Spirit   .   (helmet restricted)
rElec    .         Reflect  .   o - +0 cloak
rCorr    .         Harm     .   J - +1 pair of gloves
MR       .....     NoTele   +   m - +0 pair of boots
Stlth    +++.......             (no amulet)
HPRegen  1.27/turn              q - +3 ring of dexterity
MPRegen  0.22/turn              r - +2 ring of evasion

@: regenerating, very slow
A: oni magic, claws 1, fangs 1, horns 1
a: Bend Time, Temporal Distortion, Slouch, Step From Time, Renounce Religion


You were in the Dungeon.
You worshipped Cheibriados.
Cheibriados was exalted by your worship.
You were not hungry.

You visited 1 branch You collected 1922 gold pieces.
You spent 1915 gold pieces at shops.

Inventory:

Hand Weapons
 b - a +5 blowgun
Missiles
 F - 127 javelins (quivered)
Armour
 m - a +0 pair of boots (worn)
 n - a +0 pair of gloves
 o - a +0 cloak (worn)
 p - a +1 scale mail
 z - a +0 animal skin
 I - the +1 robe of Resilience {Str+3 Slay+3}
   (You found it in the Dungeon)

   It affects your strength (+3).
   It affects your accuracy and damage with ranged weapons and melee attacks
   (+3).
 J - a +1 pair of gloves (worn)
 K - +0 swamp dragon scales (worn)
Magical Staves
 x - an uncursed staff of energy
Jewellery
 q - a +3 ring of dexterity (left hand)
 r - a +2 ring of evasion (right hand)
 G - an uncursed ring of protection from fire
 H - an uncursed ring of ice
Wands
 l - a wand of acid (18)
 y - a wand of digging (11)
 A - a wand of clouds (7)
Scrolls
 a - 2 scrolls of fog
 i - 3 scrolls of remove curse
 j - 4 scrolls of blinking
 k - 2 scrolls of amnesia
 t - 2 scrolls of enchant armour
 u - 6 scrolls of fear
 D - 3 scrolls of identify
Potions
 c - 6 potions of brilliance
 e - 2 potions of mutation
 f - 7 potions of heal wounds
 g - 5 potions of curing
 h - 4 potions of magic
 s - a potion of resistance
 w - 2 potions of flight
 B - a potion of might
 C - a potion of invisibility
Miscellaneous
 v - a lightning rod (4/4)
Comestibles
 d - 12 rations {!d}
 E - 19 chunks of flesh


   Skills:
 * Level 8.7 Fighting
 * Level 2.2 Throwing
 * Level 9.0 Armour
 * Level 9.8 Dodging
 - Level 3.1 Stealth
 + Level 13.3 Unarmed Combat
 + Level 12.6 Spellcasting
 * Level 8.6 Invocations
 - Level 10.3 Evocations


You had 13 spell levels left.
You knew the following spells:

 Your Spells              Type           Power        Failure   Level  Hunger
a - Pain                  Necr           ####         0%          1    None
d - Petrify               Tmut/Erth      #######.     1%          4    None
f - Bolt of Draining      Conj/Necr      #######...   1%          5    None
k - Regeneration          Chrm/Necr      #######...   1%          3    None
m - Sublimation of Blood  Necr           #######...   0%          2    None
u - Animate Skeleton      Necr           N/A          0%          1    None
v - Vampiric Draining     Necr           #######...   1%          3    None
U - Animate Dead          Necr           N/A          1%          4    None

Your spell library contained the following spells:

 Spells                   Type           Power        Failure   Level  Hunger
 Summon Small Mammal      Summ           ####         0%          1    None
 Stone Arrow              Conj/Erth      ######       1%          3    None
 Teleport Other           Tloc           #######.     1%          3    None
 Lightning Bolt           Conj/Air       #######...   1%          5    None


Dungeon Overview and Level Annotations

Branches:
Dungeon (1/1)

Altars:
Cheibriados
Dithmenos
Elyvilon
Fedhas
Gozag
Hepliaklqana
Kikubaaqudgha
Lugonu
Makhleb
Nemelex Xobeh
Okawaru
Qazlal
Ru
Sif Muna
Trog
Uskayaw
Vehumet
Wu Jian
Xom
Yredelemnul
Zin
The Shining One
Beogh
Jiyva

Shops:
D }[?


Innate Abilities, Weirdness & Mutations

You learn spells by gaining experience, not through books or religion.
You only train spellcasting to practice magic.
You have sharp fingernails.
You have very sharp teeth.
You have a pair of small horns on your head.


Message History

Confirm with . or Enter, or press ? or * to list all spells.
You attempt to give life to the dead...
Before your eyes, flesh is ripped from the corpse!
The dead are walking!
E - 19 chunks of flesh (gained 6)
Casting: Animate Skeleton (safe; 0% risk of failure)
Confirm with . or Enter, or press ? or * to list all spells.
You draw magical energy from your own body!
Casting: Sublimation of Blood (safe; 0% risk of failure)
Confirm with . or Enter, or press ? or * to list all spells.
Your skin crawls.
You swap places.
A wizard comes into view. It is wielding a +0 dagger.
The wizard shouts!
You hear a shout!
The wizard moves out of view.
A stone giant comes into view.
You swap places.
The stone giant throws a large rock.
The large rock hits you!!!
The stone giant throws a large rock.
The large rock hits you!!!
You die...

▓_▓.▓.▓.▓.▓.▓.▓,*,*,*,*,*,*,*,
▓_▓.▓.▓.▓'▓.▓.▓,*,*,*,*,*,*,*,
▓'▓.▓%▓.▓)▓.▓[▓,*,*,*,*,*,*,*,
▓.▓.▓.▓.▓)▓.▓'▓,*,*,*,*,*,*,*,
▓.▓.▓Z▓.▓)▓)▓Z▓,*,*,*,*,*,*,*,
▓.▓.▓.▓.▓)▓.▓Z▓,*,*,*,*,*,*,*,
▓)▓.▓.▓.▓)▓.▓Z▓,*+*,*,*,*,*,*,
▓.▓.▓.▓.▓∩▓.▓Z▓,*,*,*,*,*,*,*,
▓.▓.▓.▓)▓.▓.▓@▓,*,*,*,*,*,*,*,
▓)▓.▓.▓.▓∩▓.▓.▓,*,*,*,*,*,*,*,
▓.▓.▓.▓.▓.▓.▓.▓,*,*,*,*,*,*,*+
▓.▓.▓.▓%▓∩▓.▓.▓,*,*,*,*,*,*,*,
▓'▓.▓Z▓:▓.▓.▓.▓,*,*,*,*,*,*,*,
▓.▓.▓.▓.▓∩▓.▓.▓,*,*,*,*,*,*,*,
▓.▓.▓[▓.▓.▓.▓C▓,*,*,*,*,*,*,*,
▓.▓.▓'▓.▓.▓.▓p▓,*,*,*,*,*,*,*,
▓.▓.▓.▓.▓)▓.▓,*,*+*,*,*,*,*,*,


You could see a stone giant, a wizard, a friendly crocodile skeleton, a friendly
manticore skeleton, a friendly ice dragon skeleton and a friendly ogre skeleton.

Vanquished Creatures
  An ice dragon (D)
  2 hydras (D)
  Urug (D)
  Sonja (D)
  An unseen horror (D)
  A deep elf mage (D)
  5 orc knights (D)
  3 orc sorcerers (D)
  2 manticores (D)
  5 cane toads (D)
  A komodo dragon (D)
  A hornet (D)
  3 blink frogs (D)
  2 hippogriffs (D)
  A slime creature (D)
  A vampire (D)
  3 yaks (D)
  A wyvern (D)
  4 vampire mosquitoes (D)
  A water moccasin (D)
  A porcupine (D)
  6 orc warriors (D)
  An ogre (D)
  5 crocodiles (D)
  A bullfrog (D)
  2 scorpions (D)
  A killer bee (D)
  A hound (D)
  4 orc priests (D)
  3 orc wizards (D)
  An iguana (D)
  3 worker ants (D)
  2 shadow imps (D)
  17 orcs (D)
  A bat (D)
  A hobgoblin (D)
  A jackal (D)
  A quokka (D)
  A frilled lizard (D)
  A jackal skeleton (D)
  A jackal zombie (D)
  A rat (D)
96 creatures vanquished.

Vanquished Creatures (collateral kills)
  Psyche (D)
  A cane toad (D)
  A porcupine (D)
3 creatures vanquished.

Grand Total: 99 creatures vanquished

Notes
Turn   | Place    | Note
-------+----------+-------------------------------------------
     0 | D        | MordorOrchid the Oni Necromancer began the quest for the
                  | Orb.
     0 | D        | Reached XP level 1. HP: 14/14 MP: 4/4
     6 | D        | Reached skill level 1 in Unarmed Combat
     7 | D        | Reached skill level 2 in Unarmed Combat
    17 | D        | Reached skill level 3 in Unarmed Combat
    40 | D        | Learned a level 1 spell: Animate Skeleton
    85 | D        | Noticed a hippogriff
    85 | D        | Noticed a hound
    85 | D        | Noticed a worker ant
    85 | D        | Noticed a worker ant
    94 | D        | Killed a hippogriff
    94 | D        | Reached skill level 5 in Fighting
    94 | D        | Reached skill level 6 in Unarmed Combat
    94 | D        | Reached skill level 5 in Spellcasting
    94 | D        | Reached XP level 2. HP: 14/29 MP: 0/10
    94 | D        | Reached XP level 3. HP: 17/36 MP: 0/11
    94 | D        | Reached XP level 4. HP: 20/42 MP: 0/13
    94 | D        | Reached XP level 5. HP: 23/48 MP: 0/14
   101 | D        | Reached skill level 1 in Armour
   105 | D        | Reached XP level 6. HP: 18/57 MP: 1/16
   127 | D        | Found a roughly hewn altar of Beogh.
   127 | D        | Found a snail-covered altar of Cheibriados.
   127 | D        | Found a shadowy altar of Dithmenos.
   127 | D        | Found a white marble altar of Elyvilon.
   127 | D        | Found a blossoming altar of Fedhas.
   127 | D        | Found an opulent altar of Gozag.
   128 | D        | Found a hazy altar of Hepliaklqana.
   129 | D        | Found a viscous altar of Jiyva.
   130 | D        | Found an ancient bone altar of Kikubaaqudgha.
   131 | D        | Became a worshipper of Cheibriados the Contemplative
   132 | D        | Found a corrupted altar of Lugonu.
   133 | D        | Found a burning altar of Makhleb.
   134 | D        | Found a sparkling altar of Nemelex Xobeh.
   135 | D        | Found an iron altar of Okawaru.
   136 | D        | Found a stormy altar of Qazlal.
   137 | D        | Found a sacrificial altar of Ru.
   138 | D        | Found a shimmering blue altar of Sif Muna.
   139 | D        | Found a bloodstained altar of Trog.
   140 | D        | Found a hide-covered altar of Uskayaw.
   141 | D        | Found a radiant altar of Vehumet.
   142 | D        | Found an ornate altar of the Wu Jian Council.
   143 | D        | Found a shimmering altar of Xom.
   144 | D        | Found a basalt altar of Yredelemnul.
   145 | D        | Found a glowing silver altar of Zin.
   146 | D        | Found a glowing golden altar of the Shining One.
   190 | D        | Learned a level 3 spell: Regeneration
   196 | D        | Learned a level 5 spell: Bolt of Draining
   237 | D        | Noticed a yak
   237 | D        | Noticed a wyvern
   237 | D        | Noticed a hornet
   237 | D        | Noticed a yak
   259 | D        | Killed a yak
   259 | D        | Reached skill level 7 in Unarmed Combat
   348 | D        | Killed a wyvern
   348 | D        | Reached * piety under Cheibriados
   348 | D        | Reached skill level 5 in Evocations
   348 | D        | Reached XP level 7. HP: 8/64 MP: 8/17
   351 | D        | Killed a hornet
   351 | D        | Reached ** piety under Cheibriados
   351 | D        | Killed a yak
   351 | D        | Reached skill level 10 in Evocations
   351 | D        | Reached XP level 8. HP: 11/71 MP: 8/18
   447 | D        | Learned a level 4 spell: Animate Dead
   466 | D        | Noticed a vampire
   495 | D        | Killed a vampire
   496 | D        | Reached *** piety under Cheibriados
   496 | D        | Reached skill level 8 in Unarmed Combat
   508 | D        | Killed an unseen horror
   508 | D        | Reached skill level 5 in Dodging
   508 | D        | Reached XP level 9. HP: 16/77 MP: 3/21
   584 | D        | Reached **** piety under Cheibriados
   705 | D        | Learned a level 3 spell: Vampiric Draining
   708 | D        | Reached skill level 5 in Invocations
   709 | D        | Reached ***** piety under Cheibriados
   712 | D        | Noticed a cane toad
   715 | D        | Reached skill level 9 in Unarmed Combat
   734 | D        | Killed a cane toad
   734 | D        | Reached skill level 5 in Armour
   861 | D        | Learned a level 2 spell: Sublimation of Blood
   864 | D        | Noticed a cane toad
   864 | D        | Noticed a cane toad
   864 | D        | Noticed a cane toad
   864 | D        | Noticed a komodo dragon
   865 | D        | Reached ****** piety under Cheibriados
   865 | D        | Noticed a seven-headed hydra
   866 | D        | Killed a cane toad
   866 | D        | Reached skill level 10 in Unarmed Combat
   866 | D        | Killed a cane toad
   866 | D        | Reached XP level 10. HP: 84/84 MP: 10/24
   866 | D        | Noticed a seven-headed hydra
   870 | D        | Killed a cane toad
   877 | D        | Killed a seven-headed hydra
   877 | D        | Reached skill level 11 in Unarmed Combat
   878 | D        | Killed a seven-headed hydra
   886 | D        | Reached skill level 10 in Spellcasting
   939 | D        | Noticed a cane toad
   940 | D        | Noticed a cane toad
   941 | D        | Reached skill level 12 in Unarmed Combat
   954 | D        | Killed a cane toad
   962 | D        | Killed a cane toad
   962 | D        | Reached XP level 11. HP: 86/90 MP: 5/27
  1022 | D        | Learned a level 4 spell: Petrify
  1042 | D        | Noticed Sonja
  1052 | D        | Noticed Psyche
  1057 | D        | Killed Sonja
  1062 | D        | Killed Psyche
  1193 | D        | Noticed an orc knight
  1202 | D        | Killed an orc knight
  1211 | D        | Noticed an orc knight
  1225 | D        | Killed an orc knight
  1292 | D        | Found Xuhea's Gadget Emporium.
  1292 | D        | Noticed an orc knight
  1292 | D        | Noticed an orc sorcerer
  1294 | D        | Killed an orc sorcerer
  1297 | D        | Killed an orc knight
  1297 | D        | Reached skill level 13 in Unarmed Combat
  1309 | D        | Found Leuw's Distillery.
  1309 | D        | Noticed an orc knight
  1315 | D        | Noticed an orc sorcerer
  1318 | D        | Found Letestall's Armour Emporium.
  1322 | D        | Killed an orc sorcerer
  1323 | D        | Killed an orc knight
  1328 | D        | Noticed an orc knight
  1337 | D        | Noticed an orc sorcerer
  1345 | D        | Killed an orc sorcerer
  1349 | D        | Killed an orc knight
  1371 | D        | Found Zuwetz's Magic Scroll Shoppe.
  1385 | D        | Bought a potion of heal wounds for 50 gold pieces
  1385 | D        | Bought a potion of heal wounds for 50 gold pieces
  1389 | D        | Bought a scroll of fog for 28 gold pieces
  1397 | D        | Bought a lightning rod (4/4) for 400 gold pieces
  1397 | D        | Bought a wand of clouds (7) for 330 gold pieces
  1397 | D        | Bought a wand of acid (9) for 260 gold pieces
  1397 | D        | Bought a wand of acid (7) for 220 gold pieces
  1399 | D        | Bought a potion of might for 40 gold pieces
  1399 | D        | Bought a potion of brilliance for 40 gold pieces
  1399 | D        | Bought a potion of brilliance for 40 gold pieces
  1399 | D        | Bought a potion of invisibility for 80 gold pieces
  1399 | D        | Bought a potion of curing for 30 gold pieces
  1403 | D        | Bought a scroll of identify for 28 gold pieces
  1403 | D        | Bought a scroll of enchant weapon for 105 gold pieces
  1403 | D        | Bought a scroll of fog for 28 gold pieces
  1403 | D        | Bought a scroll of fear for 49 gold pieces
  1403 | D        | Bought a scroll of magic mapping for 49 gold pieces
  1483 | D        | Bought a potion of flight for 30 gold pieces
  1483 | D        | Bought a potion of flight for 30 gold pieces
  1487 | D        | Bought a scroll of identify for 28 gold pieces
  1519 | D        | Noticed Urug
  1525 | D        | Killed Urug
  1606 | D        | Got the +1 robe of Resilience {Str+3 Slay+3}
  1657 | D        | Noticed a deep elf mage
  1657 | D        | Noticed a manticore
  1660 | D        | Noticed a manticore
  1660 | D        | Killed a deep elf mage
  1660 | D        | Reached skill level 1 in Throwing
  1660 | D        | Reached XP level 12. HP: 103/103 MP: 12/30
  1686 | D        | Noticed an ice dragon
  1690 | D        | Killed an ice dragon
  1718 | D        | Noticed a stone giant
  1718 | D        | Hit by a large rock thrown by a stone giant

Skill      XL: |  1  2  3  4  5  6  7  8  9 10 11 12 |
---------------+-------------------------------------+-----
Unarmed Combat | 6 7 8 10 12 13 | 13.3
Fighting       | 5 6 8 |  8.7
Spellcasting   | 5 7 8 10 12 | 12.6
Armour         | 1 2 4 5 7 8 9 |  9.0
Dodging        | 2 3 5 6 8 9 |  9.8
Invocations    | 2 4 5 8 |  8.6
Evocations     | 5 10 | 10.3
Stealth        | 3 |  3.1
Throwing       | 1 2 |  2.2

Action                   |  1- 3 |  4- 6 |  7- 9 | 10-12 || total
-------------------------+-------+-------+-------+-------++-------
Melee: Dagger            |    20 |       |       |       ||    20
       Unarmed           |     5 |    47 |    29 |    73 ||   154
       Headbutt          |     4 |     7 |     9 |    24 ||    44
       Bite              |       |     9 |     4 |    15 ||    28
       Punch             |       |       |       |     8 ||     8
 Cast: Pain              |     6 |       |     2 |       ||     8
       Animate Skeleton  |     3 |     1 |     7 |    39 ||    50
       Regeneration      |       |     9 |    12 |    22 ||    43
       Animate Dead      |       |       |     2 |       ||     2
       Bolt of Draining  |       |       |     6 |    47 ||    53
       Sublimation of Bl |       |       |       |    23 ||    23
       Petrify           |       |       |       |     5 ||     5
Invok: Bend Time         |       |     1 |     3 |     4 ||     8
Evoke: Wand              |       |       |     5 |     3 ||     8
  Use: Potion            |     3 |     1 |     1 |       ||     5
       Scroll            |       |       |       |     6 ||     6
 Stab: Invisible         |       |     5 |       |       ||     5
       Sleeping          |       |     1 |       |       ||     1
       Petrified         |       |       |       |     6 ||     6
       Petrifying        |       |       |       |     1 ||     1
  Eat: Chunk             |       |       |     2 |     3 ||     5
Armor: Animal skin       |     8 |     1 |     3 |     3 ||    15
       Scale mail        |       |     2 |     2 |     8 ||    12
Dodge: Dodged            |    30 |    17 |    21 |    48 ||   116
